Rangers vs Sabres

Created - 1 octobre 2021 at 15:24

Simulating a Pre-Season

Goals
1 2 3 T
Rangers 0 4 2 6
Sabres 0 1 0 1
Shots
1 2 3 T
Rangers 8 12 13 33
Sabres 15 12 10 37

1st period

No Goal

Penalties :
Carter Verhaeghe (NYR) for Interference (Minor) at 14:12, Carter Verhaeghe (NYR) for Hooking (Minor) at 18:14

2nd period

1. Rangers , Jordan Kyrou 1 (Jason Spezza 2) at 1:59
2. Rangers , Kyle Connor 4 (Brayden Schenn 7, Roope Hintz 6) at 2:13
3. Rangers , Jack Roslovic 3 (Carter Verhaeghe 2, Adam Pelech 3) at 3:53
4. Sabres , T.J. Oshie 4 (Kevin Hayes 3, Anze Kopitar 8) at 11:42
5. Rangers , Riley Sheahan 2 (Arthur Kaliyev 2) at 12:42

Penalties :
No Penalty

3rd period

6. Rangers , Kyle Connor 5 (Brayden Schenn 8, Roope Hintz 7) at 8:14
7. Rangers , Jack Roslovic 4 (Riley Sheahan 1, Carl Gunnarsson 2) at 17:06

Penalties :
Rasmus Andersson (NYR) for Elbowing (Minor) at 2:34, Oskar Sundqvist (NYR) for Holding (Minor) at 14:51, Nick Leddy (NYR) for Slashing (Minor) at 17:53

Goalie Stats

Philipp Grubauer (NYR), 36 saves from 37 shots - (0,973), W, 6-2-2, 60:00 minutes
Elvis Merzlikins (BUF), 14 saves from 18 shots - (0,778), L, 4-4-1, 32:42 minutes
Casey DeSmith (BUF), 13 saves from 15 shots - (0,867), 27:18 minutes

Players Stats for Rangers

Player Name              G  A  P  +/- PIM S  H  SB GA TA FO     MP     PP MP  PK MP  
------------------------------------------------------------------------------------
Adam Pelech              0  1  1   2  0   2  2  3  0  0  0/0    20:45   0:00   3:22 
Arthur Kaliyev           0  1  1   1  0   0  0  1  0  1  0/0     9:16   0:00   2:15 
Brayden Schenn           0  2  2   1  0   4  2  1  0  0  12/26  21:11   0:00   2:38 
Brenden Dillon           0  0  0   2  0   0  4  1  0  0  0/0    23:54   0:00   3:22 
Carl Gunnarsson          0  1  1   1  0   1  1  1  0  0  0/0    19:29   0:00   6:33 
Carter Verhaeghe         0  1  1   2  4   3  1  0  0  0  0/0    14:19   0:00   0:00 
Jack Roslovic            2  0  2   2  0   5  1  1  0  1  1/3    14:12   0:00   0:00 
Jason Spezza             0  1  1   1  0   0  1  0  0  0  2/5    10:18   0:00   0:00 
Jordan Kyrou             1  0  1   1  0   1  1  0  0  0  0/1    10:18   0:00   0:00 
Kyle Connor              2  0  2   1  0   5  1  1  0  0  0/3    19:52   0:00   1:00 
Nazem Kadri              0  0  0   2  0   2  0  0  0  0  9/13   14:12   0:00   0:00 
Nick Jensen              0  0  0   1  0   0  2  3  0  0  0/0    19:29   0:00   6:33 
Nick Leddy               0  0  0   2  2   0  1  2  0  1  0/0    16:43   0:00   0:00 
Oskar Sundqvist          0  0  0   1  2   2  2  1  0  0  0/0    15:02   0:00   4:31 
Pierre-Edouard Bellemare 0  0  0   1  0   1  0  1  0  0  2/7    12:08   0:00   5:46 
Rasmus Andersson         0  0  0   2  2   0  0  3  0  0  0/0    20:17   0:00   0:00 
Riley Sheahan            1  1  2   1  0   1  1  0  1  0  4/4    10:15   0:00   3:40 
Roope Hintz              0  2  2   1  0   6  0  1  1  0  0/1    18:20   0:00   0:00 

Players Stats for Sabres

Player Name              G  A  P  +/- PIM S  H  SB GA TA FO     MP     PP MP  PK MP  
------------------------------------------------------------------------------------
Andre Burakovsky         0  0  0   0  0   0  1  0  1  1  0/0    17:47   4:34   0:00 
Anze Kopitar             0  1  1  -1  0   12 1  0  0  0  21/40  23:21   5:21   0:00 
Clayton Keller           0  0  0  -2  0   1  0  0  0  0  3/6    11:06   0:00   0:00 
Eeli Tolvanen            0  0  0  -2  0   2  0  0  0  0  1/1     7:46   0:00   0:00 
Filip Hronek             0  0  0  -2  0   2  1  3  0  0  0/0    25:44   5:53   0:00 
Ivan Provorov            0  0  0  -2  0   1  1  1  0  0  0/0    29:22   5:53   0:00 
Kailer Yamamoto          0  0  0  -2  0   4  1  0  0  1  0/0     7:46   0:00   0:00 
Kevin Hayes              0  1  1  -1  0   1  1  1  0  0  1/1    23:21   5:21   0:00 
Layton Ahac              0  0  0   0  0   0  0  0  0  0  0/0     3:38   0:00   0:00 
Madison Bowey            0  0  0   0  0   0  1  1  0  0  0/0    11:07   0:00   0:00 
Mitchell Hoelscher       0  0  0   0  0   0  0  0  0  0  0/0     0:00   0:00   0:00 
Nicklas Backstrom        0  0  0   0  0   0  2  0  0  0  7/14   17:47   4:34   0:00 
Nico Sturm               0  0  0  -2  0   0  2  0  0  0  0/0     7:46   0:00   0:00 
Rasmus Sandin            0  0  0   0  0   0  0  1  0  0  0/0    11:07   0:00   0:00 
Ryan Carpenter           0  0  0  -2  0   0  1  2  0  0  0/0    11:06   0:00   0:00 
Ryan Murray              0  0  0  -3  0   1  0  2  0  0  0/0    19:31   4:02   0:00 
T.J. Oshie               1  0  1  -1  0   8  2  0  1  0  0/0    23:21   5:21   0:00 
Tucker Poolman           0  0  0  -3  0   2  0  1  0  0  0/0    19:31   4:02   0:00 
Ty Dellandrea            0  0  0   0  0   0  0  0  0  0  0/0     0:00   0:00   0:00 
Viktor Arvidsson         0  0  0  -2  0   2  1  1  1  0  0/0    11:06   0:00   0:00 
Zach Hyman               0  0  0   0  0   1  1  2  0  0  0/1    17:47   4:34   0:00 

3 Stars

1 - Philipp Grubauer (NYR)
2 - Jack Roslovic (NYR)
3 - Kyle Connor (NYR)

Power Play

Rangers - 0 on 0 Attempt(s) - 0,00%
Sabres - 0 on 5 Attempt(s) - 0,00%

Penalty Kill

Rangers - 5 on 5 Attempt(s) - 100,00% - Score 0 goal in Penalty Kill
Sabres - 0 on 0 Attempt(s) - 0,00% - Score 0 goal in Penalty Kill

Team Stat

Rangers - Hits : 20 - Faceoff Wins : 30 - Blocked Shots : 20 - Penalty Minutes : 10
Sabres - Hits : 16 - Faceoff Wins : 33 - Blocked Shots : 15 - Penalty Minutes : 0

Official

Referees : Dan O'Rourke and Brad Meier
Linesman : Derek Amell and Ryan Galloway

Game Notes

12:42 of 2nd period - Rangers goal is going for a video replay. After video review, Goal.
Casey DeSmith enters game at 12:42 of 2nd period
17:06 of 3rd period - Rangers goal is going for a video replay. After video review, Goal.

Rangers

5 vs 5 Forward 
   Center                   Left Wing                Right Wing               Time % Phy DF OF 
 1 Brayden Schenn           Kyle Connor              Roope Hintz              40     0   2  3  
 2 Nazem Kadri              Carter Verhaeghe         Jack Roslovic            30     0   2  3  
 3 Jason Spezza             Oskar Sundqvist          Jordan Kyrou             20     0   2  3  
 4 Riley Sheahan            Pierre-Edouard Bellemare Arthur Kaliyev           10     0   4  1  

5 vs 5 Defense 
   Defense                  Defense                                           Time % Phy DF OF 
 1 Rasmus Andersson         Brenden Dillon                                    40     0   3  2  
 2 Adam Pelech              Nick Leddy                                        35     0   3  2  
 3 Nick Jensen              Carl Gunnarsson                                   25     0   3  2  
 4 Rasmus Andersson         Nick Leddy                                        0      1   2  2  

PowerPlay Forward 
   Center                   Left Wing                Right Wing               Time % Phy DF OF 
 1 Brayden Schenn           Kyle Connor              Roope Hintz              60     1   2  2  
 2 Nazem Kadri              Carter Verhaeghe         Jack Roslovic            40     1   2  2  

PowerPlay Defense
   Defense                  Defense                                           Time % Phy DF OF 
 1 Rasmus Andersson         Nick Leddy                                        60     1   2  2  
 2 Nick Jensen              Rasmus Andersson                                  40     1   2  2  

Penalty Kill 4 Players Forward 
   Center                   Wing                     Time % Phy DF OF 
 1 Pierre-Edouard Bellemare Oskar Sundqvist          60     1   2  2  
 2 Riley Sheahan            Arthur Kaliyev           40     1   2  2  

Penalty Kill 4 Players Defense
   Defense                  Defense                  Time % Phy DF OF 
 1 Carl Gunnarsson          Nick Jensen              60     1   2  2  
 2 Brenden Dillon           Adam Pelech              40     1   2  2  

Penalty Kill - 3 Players Forward 
   Forward                                           Time % Phy DF OF 
 1 Pierre-Edouard Bellemare                          60     1   2  2  
 2 Riley Sheahan                                     40     1   2  2  

Penalty Kill - 3 Players Defense
   Defense                  Defense                  Time % Phy DF OF 
 1 Carl Gunnarsson          Nick Jensen              60     1   2  2  
 2 Brenden Dillon           Adam Pelech              40     1   2  2  

4 vs 4 Forward 
   Center                   Wing                     Time % Phy DF OF 
 1 Brayden Schenn           Kyle Connor              60     1   2  2  
 2 Roope Hintz              Nazem Kadri              40     1   2  2  

4 vs 4 Defense
   Defense                  Defense                  Time % Phy DF OF 
 1 Rasmus Andersson         Adam Pelech              60     1   2  2  
 2 Brenden Dillon           Nick Leddy               40     1   2  2  

Last Minutes Offensive
   Center                   Left Wing                Right Wing               Defense                  Defense                  
   Brayden Schenn           Kyle Connor              Roope Hintz              Rasmus Andersson         Nick Leddy               

Last Minutes Defensive
   Center                   Left Wing                Right Wing               Defense                  Defense                  
   Pierre-Edouard Bellemare Riley Sheahan            Oskar Sundqvist          Carl Gunnarsson          Nick Jensen              

Goaltenders
Starting : Philipp Grubauer         
Backup : Alex Nedeljkovic         

Extra Forwards
Normal : Jack Roslovic, Carter Verhaeghe, Riley Sheahan - PP : Jack Roslovic, Carter Verhaeghe - PK : Riley Sheahan
Extra Defensemen
Normal : Nick Jensen, Adam Pelech, Brenden Dillon - PP : Nick Jensen - PK : Carl Gunnarsson, Adam Pelech
Penalty Shots
Brayden Schenn, Kyle Connor, Roope Hintz, Nazem Kadri, Jason Spezza
Custom OT Lines Forwards
Brayden Schenn, Kyle Connor, Roope Hintz, Nazem Kadri, Jason Spezza, Jack Roslovic, Arthur Kaliyev, Carter Verhaeghe, Riley Sheahan, Oskar Sundqvist
Custom OT Lines Defensemen
Adam Pelech, Nick Leddy, Brenden Dillon, Rasmus Andersson, Nick Jensen

Scratches
Tyler Motte (Torso Injury), Erik Karlsson (Groin Injury), Anthony Bitetto (Healthy), Ben Harpur (Healthy)

Sabres

5 vs 5 Forward 
   Center                   Left Wing                Right Wing               Time % Phy DF OF 
 1 Anze Kopitar             T.J. Oshie               Kevin Hayes              40     1   2  2  
 2 Nicklas Backstrom        Zach Hyman               Andre Burakovsky         30     1   2  2  
 3 Clayton Keller           Viktor Arvidsson         Ryan Carpenter           20     1   2  2  
 4 Nico Sturm               Eeli Tolvanen            Kailer Yamamoto          10     1   2  2  

5 vs 5 Defense 
   Defense                  Defense                                           Time % Phy DF OF 
 1 Ivan Provorov            Filip Hronek                                      40     1   2  2  
 2 Ryan Murray              Tucker Poolman                                    30     1   2  2  
 3 Rasmus Sandin            Madison Bowey                                     20     1   2  2  
 4 Layton Ahac              Ivan Provorov                                     10     1   2  2  

PowerPlay Forward 
   Center                   Left Wing                Right Wing               Time % Phy DF OF 
 1 Anze Kopitar             T.J. Oshie               Kevin Hayes              60     1   2  2  
 2 Nicklas Backstrom        Zach Hyman               Andre Burakovsky         40     1   2  2  

PowerPlay Defense
   Defense                  Defense                                           Time % Phy DF OF 
 1 Ivan Provorov            Filip Hronek                                      60     1   2  2  
 2 Ryan Murray              Tucker Poolman                                    40     1   2  2  

Penalty Kill 4 Players Forward 
   Center                   Wing                     Time % Phy DF OF 
 1 Anze Kopitar             Nicklas Backstrom        60     1   2  2  
 2 T.J. Oshie               Kevin Hayes              40     1   2  2  

Penalty Kill 4 Players Defense
   Defense                  Defense                  Time % Phy DF OF 
 1 Ivan Provorov            Filip Hronek             60     1   2  2  
 2 Ryan Murray              Tucker Poolman           40     1   2  2  

Penalty Kill - 3 Players Forward 
   Forward                                           Time % Phy DF OF 
 1 Anze Kopitar                                      60     1   2  2  
 2 Nicklas Backstrom                                 40     1   2  2  

Penalty Kill - 3 Players Defense
   Defense                  Defense                  Time % Phy DF OF 
 1 Ivan Provorov            Filip Hronek             60     1   2  2  
 2 Ryan Murray              Tucker Poolman           40     1   2  2  

4 vs 4 Forward 
   Center                   Wing                     Time % Phy DF OF 
 1 Anze Kopitar             Nicklas Backstrom        60     1   2  2  
 2 T.J. Oshie               Kevin Hayes              40     1   2  2  

4 vs 4 Defense
   Defense                  Defense                  Time % Phy DF OF 
 1 Ivan Provorov            Filip Hronek             60     1   2  2  
 2 Ryan Murray              Tucker Poolman           40     1   2  2  

Last Minutes Offensive
   Center                   Left Wing                Right Wing               Defense                  Defense                  
   Anze Kopitar             T.J. Oshie               Kevin Hayes              Ivan Provorov            Filip Hronek             

Last Minutes Defensive
   Center                   Left Wing                Right Wing               Defense                  Defense                  
   Anze Kopitar             T.J. Oshie               Kevin Hayes              Ivan Provorov            Filip Hronek             

Goaltenders
Starting : Elvis Merzlikins         
Backup : Casey DeSmith            

Extra Forwards
Normal : Ty Dellandrea, Mitchell Hoelscher, Clayton Keller - PP : Ty Dellandrea, Mitchell Hoelscher - PK : Clayton Keller
Extra Defensemen
Normal : Rasmus Sandin, Madison Bowey, Layton Ahac - PP : Rasmus Sandin - PK : Madison Bowey, Layton Ahac
Penalty Shots
Anze Kopitar, Nicklas Backstrom, T.J. Oshie, Kevin Hayes, Zach Hyman
Custom OT Lines Forwards
Anze Kopitar, Nicklas Backstrom, T.J. Oshie, Kevin Hayes, Zach Hyman, Andre Burakovsky, Clayton Keller, Viktor Arvidsson, Ryan Carpenter, Nico Sturm
Custom OT Lines Defensemen
Ivan Provorov, Filip Hronek, Ryan Murray, Tucker Poolman, Rasmus Sandin

Scratches
Marco Scandella (Torn Left Knee Ligaments Injury)

% Time on Ice - Rangers

Lines # - Real PCT - Wanted PCT - Time Play
Normal Forward
1 - 38% - 40% - 19:06
2 - 29% - 30% - 14:20
3 - 21% - 20% - 10:18
4 - 13% - 10% - 6:21
Normal Defense
1 - 42% - 40% - 20:54
2 - 35% - 35% - 17:23
3 - 24% - 25% - 11:48
4 - 0% - 0% - 0:00
PP Forward
1 - 0% - 60%
2 - 0% - 40%
PP Defense
1 - 0% - 60%
2 - 0% - 40%
PK Forward
1 - 78% - 60% - 7:44
2 - 22% - 40% - 2:11
PK Defense
1 - 66% - 60% - 6:33
2 - 34% - 40% - 3:22
PK3 Forward
1 - 0% - 60%
2 - 0% - 40%
PK3 Defense
1 - 0% - 60%
2 - 0% - 40%
44 Forward
1 - 0% - 60%
2 - 0% - 40%
44 Defense
1 - 0% - 60%
2 - 0% - 40%
Last Minute Offensive  - 0:00
Last Minute Defensive  - 0:00
Total
Forward - 60:00
Defense - 60:00

% Time on Ice - Sabres

Lines # - Real PCT - Wanted PCT - Time Play
Normal Forward
1 - 36% - 40% - 18:00
2 - 26% - 30% - 13:13
3 - 22% - 20% - 11:06
4 - 16% - 10% - 7:46
Normal Defense
1 - 40% - 40% - 19:51
2 - 31% - 30% - 15:29
3 - 22% - 20% - 11:07
4 - 7% - 10% - 3:38
PP Forward
1 - 54% - 60% - 5:21
2 - 46% - 40% - 4:34
PP Defense
1 - 59% - 60% - 5:53
2 - 41% - 40% - 4:02
PK Forward
1 - 0% - 60%
2 - 0% - 40%
PK Defense
1 - 0% - 60%
2 - 0% - 40%
PK3 Forward
1 - 0% - 60%
2 - 0% - 40%
PK3 Defense
1 - 0% - 60%
2 - 0% - 40%
44 Forward
1 - 0% - 60%
2 - 0% - 40%
44 Defense
1 - 0% - 60%
2 - 0% - 40%
Last Minute Offensive  - 0:00
Last Minute Defensive  - 0:00
Total
Forward - 60:00
Defense - 60:00

Play-by-Play

1st period


0:01 of 1st period - Anze Kopitar wins face-off versus Brayden Schenn in neutral zone.
0:06 of 1st period - Snap shot by Roope Hintz.
0:06 of 1st period - Stopped by Elvis Merzlikins with a rebound.
1:07 of 1st period - Slapshot by Nick Leddy.
1:07 of 1st period - Shot Misses the Net.
1:09 of 1st period - Slapshot by Adam Pelech.
1:09 of 1st period - Stopped by Elvis Merzlikins with a rebound.
1:53 of 1st period - Snap shot by Jack Roslovic.
1:53 of 1st period - Deflect By Carter Verhaeghe.
1:53 of 1st period - Stopped by Elvis Merzlikins with a rebound.
1:59 of 1st period - Snap shot by Zach Hyman.
1:59 of 1st period - Stopped by Philipp Grubauer with a rebound.
2:52 of 1st period - Backhand shot by T.J. Oshie.
2:52 of 1st period - Shot Misses the Net.
2:54 of 1st period - Slapshot by Ivan Provorov.
2:54 of 1st period - Shot Misses the Net.
3:49 of 1st period - Ryan Carpenter is hit by Brenden Dillon.
3:57 of 1st period - Slapshot by Roope Hintz.
3:57 of 1st period - Shot Misses the Net.
4:32 of 1st period - Snap shot by Nazem Kadri.
4:32 of 1st period - Stopped by Elvis Merzlikins with a rebound.
4:44 of 1st period - Oskar Sundqvist is hit by Nico Sturm and loses puck.
4:53 of 1st period - Wrist shot by Kailer Yamamoto.
4:53 of 1st period - Stopped by Philipp Grubauer with a rebound.
4:57 of 1st period - Snap shot by Nico Sturm.
4:57 of 1st period - Deflect By Eeli Tolvanen.
4:57 of 1st period - Stopped by Philipp Grubauer without a rebound.
4:58 of 1st period - Brayden Schenn wins face-off versus Anze Kopitar in Rangers zone.
5:04 of 1st period - Off-side.
5:05 of 1st period - Brayden Schenn wins face-off versus Anze Kopitar in neutral zone.
5:15 of 1st period - Wrist shot by Anze Kopitar.
5:15 of 1st period - Stopped by Philipp Grubauer with a rebound.
6:16 of 1st period - Nick Leddy is hit by T.J. Oshie and loses puck.
6:47 of 1st period - Wrist shot by Brayden Schenn.
6:47 of 1st period - Stopped by Elvis Merzlikins without a rebound.
6:48 of 1st period - Nazem Kadri wins face-off versus Anze Kopitar in Sabres zone.
6:49 of 1st period - Snap shot by Jack Roslovic.
6:49 of 1st period - Shot Misses the Net.
7:49 of 1st period - Snap shot by Viktor Arvidsson.
7:49 of 1st period - Stopped by Philipp Grubauer without a rebound.
7:50 of 1st period - Anze Kopitar wins face-off versus Brayden Schenn in Rangers zone.
7:51 of 1st period - Slapshot by T.J. Oshie.
7:51 of 1st period - Stopped by Philipp Grubauer with a rebound.
7:53 of 1st period - Wrist shot by Anze Kopitar.
7:53 of 1st period - Stopped by Philipp Grubauer without a rebound.
7:54 of 1st period - Anze Kopitar wins face-off versus Brayden Schenn in Rangers zone.
7:55 of 1st period - Snap shot by T.J. Oshie.
7:55 of 1st period - Shot Blocked by Nick Leddy.
7:57 of 1st period - Backhand shot by Ivan Provorov.
7:57 of 1st period - Shot Blocked by Adam Pelech.
7:59 of 1st period - Slapshot by Filip Hronek.
7:59 of 1st period - Deflect By T.J. Oshie.
7:59 of 1st period - Shot Misses the Net.
7:59 of 1st period - Puck is out of play.
8:00 of 1st period - Anze Kopitar wins face-off versus Kyle Connor in Rangers zone.
8:01 of 1st period - Snap shot by T.J. Oshie.
8:01 of 1st period - Stopped by Philipp Grubauer without a rebound.
8:02 of 1st period - Anze Kopitar wins face-off versus Brayden Schenn in Rangers zone.
8:05 of 1st period - Wrist shot by T.J. Oshie.
8:05 of 1st period - Shot Blocked by Roope Hintz.
8:07 of 1st period - Snap shot by Anze Kopitar.
8:07 of 1st period - Stopped by Philipp Grubauer without a rebound.
8:08 of 1st period - Brayden Schenn wins face-off versus Anze Kopitar in Rangers zone.
8:13 of 1st period - Ivan Provorov is hit by Kyle Connor and loses puck.
8:51 of 1st period - Icing by Filip Hronek.
8:52 of 1st period - Clayton Keller wins face-off versus Jason Spezza in Sabres zone.
8:57 of 1st period - Snap shot by Viktor Arvidsson.
8:57 of 1st period - Shot Blocked by Oskar Sundqvist.
9:23 of 1st period - Slapshot by Roope Hintz.
9:23 of 1st period - Shot Misses the Net.
9:41 of 1st period - Snap shot by T.J. Oshie.
9:41 of 1st period - Shot Misses the Net.
9:57 of 1st period - Nicklas Backstrom is hit by Nick Jensen and loses puck.
10:04 of 1st period - Slapshot by Jason Spezza.
10:04 of 1st period - Shot Misses the Net.
10:33 of 1st period - Icing by Riley Sheahan.
10:34 of 1st period - Riley Sheahan wins face-off versus Anze Kopitar in Rangers zone.
10:34 of 1st period - Riley Sheahan is hit by Kevin Hayes.
10:46 of 1st period - Wrist shot by T.J. Oshie.
10:46 of 1st period - Deflect By Anze Kopitar.
10:46 of 1st period - Stopped by Philipp Grubauer with a rebound.
10:48 of 1st period - Snap shot by Kevin Hayes.
10:48 of 1st period - Shot Misses the Net.
10:50 of 1st period - Slapshot by Anze Kopitar.
10:50 of 1st period - Stopped by Philipp Grubauer without a rebound.
10:51 of 1st period - Nazem Kadri wins face-off versus Nicklas Backstrom in Rangers zone.
11:58 of 1st period - Off-side.
11:59 of 1st period - Clayton Keller wins face-off versus Nazem Kadri in neutral zone.
12:14 of 1st period - Wrist shot by Jack Roslovic.
12:14 of 1st period - Shot Misses the Net.
12:28 of 1st period - Wrist shot by T.J. Oshie.
12:28 of 1st period - Deflect By Anze Kopitar.
12:28 of 1st period - Stopped by Philipp Grubauer with a rebound.
12:36 of 1st period - Snap shot by Anze Kopitar.
12:36 of 1st period - Stopped by Philipp Grubauer without a rebound.
12:37 of 1st period - Nazem Kadri wins face-off versus Zach Hyman in Rangers zone.
12:48 of 1st period - Snap shot by Nazem Kadri.
12:48 of 1st period - Deflect By Carter Verhaeghe.
12:48 of 1st period - Stopped by Elvis Merzlikins without a rebound.
12:49 of 1st period - Anze Kopitar wins face-off versus Brayden Schenn in Sabres zone.
13:16 of 1st period - Brayden Schenn is hit by Filip Hronek and loses puck.
13:48 of 1st period - Off-side.
13:49 of 1st period - Anze Kopitar wins face-off versus Jack Roslovic in neutral zone.
14:06 of 1st period - Wrist shot by Anze Kopitar.
14:06 of 1st period - Stopped by Philipp Grubauer with a rebound.
14:12 of 1st period - Minor Penalty to Carter Verhaeghe for Interference.
14:13 of 1st period - Anze Kopitar wins face-off versus Pierre-Edouard Bellemare in Rangers zone.
14:47 of 1st period - Off-side.
14:48 of 1st period - Riley Sheahan wins face-off versus Nicklas Backstrom in neutral zone.
15:14 of 1st period - Off-side.
15:15 of 1st period - Riley Sheahan wins face-off versus Anze Kopitar in neutral zone.
15:32 of 1st period - Wrist shot by T.J. Oshie.
15:32 of 1st period - Stopped by Philipp Grubauer without a rebound.
15:33 of 1st period - Nicklas Backstrom wins face-off versus Pierre-Edouard Bellemare in Rangers zone.
15:38 of 1st period - Slapshot by Andre Burakovsky.
15:38 of 1st period - Shot Misses the Net.
16:12 of 1st period - Penalty to Carter Verhaeghe is over, Carter Verhaeghe is back on ice.
16:25 of 1st period - Ryan Murray is hit by Brenden Dillon and loses puck.
16:46 of 1st period - Wrist shot by Brayden Schenn.
16:46 of 1st period - Shot Misses the Net.
16:48 of 1st period - Slapshot by Adam Pelech.
16:48 of 1st period - Shot Misses the Net.
16:50 of 1st period - Backhand shot by Carter Verhaeghe.
16:50 of 1st period - Stopped by Elvis Merzlikins without a rebound.
16:51 of 1st period - Anze Kopitar wins face-off versus Nazem Kadri in Sabres zone.
17:07 of 1st period - Off-side.
17:08 of 1st period - Nicklas Backstrom wins face-off versus Kyle Connor in neutral zone.
17:44 of 1st period - Wrist shot by Kyle Connor.
17:44 of 1st period - Shot Blocked by Viktor Arvidsson.
17:46 of 1st period - Slapshot by Carl Gunnarsson.
17:46 of 1st period - Shot Blocked by Ryan Carpenter.
17:48 of 1st period - Snap shot by Brayden Schenn.
17:48 of 1st period - Shot Blocked by Ryan Carpenter.
17:50 of 1st period - Slapshot by Carl Gunnarsson.
17:50 of 1st period - Deflect By Filip Hronek.
17:50 of 1st period - Stopped by Elvis Merzlikins without a rebound.
17:51 of 1st period - Anze Kopitar wins face-off versus Jack Roslovic in Sabres zone.
17:51 of 1st period - Anze Kopitar is hit by Carter Verhaeghe.
18:14 of 1st period - Minor Penalty to Carter Verhaeghe for Hooking.
18:15 of 1st period - Anze Kopitar wins face-off versus Pierre-Edouard Bellemare in Rangers zone.
18:32 of 1st period - Carl Gunnarsson is hit by Anze Kopitar and loses puck.
18:49 of 1st period - Slapshot by Andre Burakovsky.
18:49 of 1st period - Shot Misses the Net.
Goals for this period are 0 for Rangers vs 0 for Sabres.
Shots for this period are 8 for Rangers vs 15 for Sabres.

2nd period


0:01 of 2nd period - Anze Kopitar wins face-off versus Pierre-Edouard Bellemare in neutral zone.
0:14 of 2nd period - Penalty to Carter Verhaeghe is over, Carter Verhaeghe is back on ice.
0:14 of 2nd period - Slapshot by Anze Kopitar.
0:14 of 2nd period - Stopped by Philipp Grubauer without a rebound.
0:15 of 2nd period - Nicklas Backstrom wins face-off versus Brayden Schenn in Rangers zone.
0:22 of 2nd period - Backhand shot by Nicklas Backstrom.
0:22 of 2nd period - Shot Blocked by Kyle Connor.
1:05 of 2nd period - Nick Leddy is hit by Ryan Carpenter and loses puck.
1:14 of 2nd period - Slapshot by Clayton Keller.
1:14 of 2nd period - Shot Blocked by Jack Roslovic.
1:36 of 2nd period - Snap shot by Andre Burakovsky.
1:36 of 2nd period - Shot Misses the Net.
1:57 of 2nd period - Slapshot by Roope Hintz.
1:57 of 2nd period - Stopped by Elvis Merzlikins without a rebound.
1:58 of 2nd period - Jason Spezza wins face-off versus Anze Kopitar in Sabres zone.
1:59 of 2nd period - Wrist shot by Jordan Kyrou.
1:59 of 2nd period - Goal by Jordan Kyrou - Rangers : 1 - Sabres : 0.
2:00 of 2nd period - Kevin Hayes wins face-off versus Brayden Schenn in neutral zone.
2:11 of 2nd period - Wrist shot by Roope Hintz.
2:11 of 2nd period - Shot Misses the Net.
2:13 of 2nd period - Snap shot by Brayden Schenn.
2:13 of 2nd period - Deflect By Kyle Connor.
2:13 of 2nd period - Goal by Kyle Connor - Rangers : 2 - Sabres : 0.
2:14 of 2nd period - Anze Kopitar wins face-off versus Brayden Schenn in neutral zone.
2:51 of 2nd period - Nicklas Backstrom is hit by Brenden Dillon and loses puck.
3:02 of 2nd period - Wrist shot by Viktor Arvidsson.
3:02 of 2nd period - Stopped by Philipp Grubauer with a rebound.
3:08 of 2nd period - Wrist shot by Jordan Kyrou.
3:08 of 2nd period - Shot Blocked by Filip Hronek.
3:10 of 2nd period - Slapshot by Carl Gunnarsson.
3:10 of 2nd period - Shot Misses the Net.
3:47 of 2nd period - Wrist shot by Nazem Kadri.
3:47 of 2nd period - Stopped by Elvis Merzlikins with a rebound.
3:49 of 2nd period - Slapshot by Adam Pelech.
3:49 of 2nd period - Shot Blocked by Filip Hronek.
3:51 of 2nd period - Wrist shot by Carter Verhaeghe.
3:51 of 2nd period - Shot Blocked by Filip Hronek.
3:53 of 2nd period - Snap shot by Jack Roslovic.
3:53 of 2nd period - Goal by Jack Roslovic - Rangers : 3 - Sabres : 0.
3:54 of 2nd period - Brayden Schenn wins face-off versus Anze Kopitar in neutral zone.
3:59 of 2nd period - Snap shot by Kyle Connor.
3:59 of 2nd period - Stopped by Elvis Merzlikins without a rebound.
4:00 of 2nd period - Anze Kopitar wins face-off versus Brayden Schenn in Sabres zone.
4:00 of 2nd period - Anze Kopitar is hit by Brayden Schenn.
4:14 of 2nd period - Wrist shot by T.J. Oshie.
4:14 of 2nd period - Stopped by Philipp Grubauer without a rebound.
4:15 of 2nd period - Nazem Kadri wins face-off versus Nicklas Backstrom in Rangers zone.
4:15 of 2nd period - Nazem Kadri is hit by Nicklas Backstrom.
4:23 of 2nd period - Snap shot by Jack Roslovic.
4:23 of 2nd period - Shot Misses the Net.
5:05 of 2nd period - Wrist shot by Oskar Sundqvist.
5:05 of 2nd period - Stopped by Elvis Merzlikins without a rebound.
5:06 of 2nd period - Clayton Keller wins face-off versus Jason Spezza in Sabres zone.
5:13 of 2nd period - Madison Bowey is hit by Jason Spezza and loses puck.
6:08 of 2nd period - Snap shot by Jack Roslovic.
6:08 of 2nd period - Stopped by Elvis Merzlikins with a rebound.
6:20 of 2nd period - Slapshot by Riley Sheahan.
6:20 of 2nd period - Shot Misses the Net.
6:26 of 2nd period - Filip Hronek is hit by Adam Pelech and loses puck.
6:45 of 2nd period - Snap shot by Clayton Keller.
6:45 of 2nd period - Stopped by Philipp Grubauer without a rebound.
6:46 of 2nd period - Anze Kopitar wins face-off versus Brayden Schenn in Rangers zone.
7:13 of 2nd period - Nick Jensen is hit by Andre Burakovsky and loses puck.
7:36 of 2nd period - Snap shot by Jordan Kyrou.
7:36 of 2nd period - Deflect By Ryan Carpenter.
7:36 of 2nd period - Shot Misses the Net.
7:36 of 2nd period - Puck is out of play.
7:37 of 2nd period - Riley Sheahan wins face-off versus Clayton Keller in Sabres zone.
8:02 of 2nd period - Anze Kopitar is hit by Brayden Schenn.
8:06 of 2nd period - T.J. Oshie is hit by Nick Jensen and loses puck.
8:28 of 2nd period - Filip Hronek is hit by Jack Roslovic and loses puck.
8:53 of 2nd period - Jordan Kyrou is hit by Nico Sturm.
9:03 of 2nd period - Ryan Murray is hit by Oskar Sundqvist and loses puck.
9:15 of 2nd period - Slapshot by Tucker Poolman.
9:15 of 2nd period - Shot Blocked by Carl Gunnarsson.
9:19 of 2nd period - Wrist shot by Kailer Yamamoto.
9:19 of 2nd period - Deflect By Oskar Sundqvist.
9:19 of 2nd period - Shot Misses the Net.
9:19 of 2nd period - Puck is out of play.
9:20 of 2nd period - Brayden Schenn wins face-off versus Anze Kopitar in Rangers zone.
10:10 of 2nd period - Ivan Provorov is hit by Nick Leddy and loses puck.
10:25 of 2nd period - Wrist shot by Roope Hintz.
10:25 of 2nd period - Stopped by Elvis Merzlikins without a rebound.
10:26 of 2nd period - Anze Kopitar wins face-off versus Brayden Schenn in Sabres zone.
10:45 of 2nd period - Wrist shot by Kyle Connor.
10:45 of 2nd period - Shot Blocked by Kevin Hayes.
10:53 of 2nd period - Nick Leddy is hit by Madison Bowey and loses puck.
11:18 of 2nd period - Wrist shot by Roope Hintz.
11:18 of 2nd period - Shot Misses the Net.
11:38 of 2nd period - Wrist shot by Kevin Hayes.
11:38 of 2nd period - Shot Misses the Net.
11:40 of 2nd period - Wrist shot by T.J. Oshie.
11:40 of 2nd period - Shot Misses the Net.
11:42 of 2nd period - Wrist shot by T.J. Oshie.
11:42 of 2nd period - Goal by T.J. Oshie - Rangers : 3 - Sabres : 1.
11:43 of 2nd period - Nazem Kadri wins face-off versus Nicklas Backstrom in neutral zone.
12:08 of 2nd period - Clayton Keller is hit by Brenden Dillon and loses puck.
12:21 of 2nd period - Jordan Kyrou is hit by Viktor Arvidsson and loses puck.
12:40 of 2nd period - Slapshot by Riley Sheahan.
12:40 of 2nd period - Shot Misses the Net.
12:42 of 2nd period - Wrist shot by Riley Sheahan.
12:42 of 2nd period - Rangers goal is going for a video replay.
12:42 of 2nd period - The goal is good.
12:42 of 2nd period - Goal by Riley Sheahan - Rangers : 4 - Sabres : 1.
12:42 of 2nd period - Casey DeSmith enters game.
12:43 of 2nd period - Anze Kopitar wins face-off versus Brayden Schenn in neutral zone.
12:48 of 2nd period - Slapshot by Ivan Provorov.
12:48 of 2nd period - Shot Blocked by Nick Leddy.
12:51 of 2nd period - Icing by Nick Leddy.
12:52 of 2nd period - Anze Kopitar wins face-off versus Roope Hintz in Rangers zone.
12:53 of 2nd period - Wrist shot by T.J. Oshie.
12:53 of 2nd period - Shot Misses the Net.
13:41 of 2nd period - Wrist shot by Roope Hintz.
13:41 of 2nd period - Shot Hit the Post.
13:43 of 2nd period - Slapshot by Adam Pelech.
13:43 of 2nd period - Deflect By Ivan Provorov.
13:43 of 2nd period - Stopped by Casey DeSmith without a rebound.
13:44 of 2nd period - Jack Roslovic wins face-off versus Nicklas Backstrom in Sabres zone.
14:15 of 2nd period - Off-side.
14:16 of 2nd period - Jason Spezza wins face-off versus Clayton Keller in neutral zone.
15:03 of 2nd period - Wrist shot by T.J. Oshie.
15:03 of 2nd period - Stopped by Philipp Grubauer without a rebound.
15:04 of 2nd period - Brayden Schenn wins face-off versus Anze Kopitar in Rangers zone.
15:09 of 2nd period - Slapshot by Kyle Connor.
15:09 of 2nd period - Stopped by Casey DeSmith with a rebound.
15:27 of 2nd period - Snap shot by Anze Kopitar.
15:27 of 2nd period - Shot Blocked by Rasmus Andersson.
15:29 of 2nd period - Slapshot by Tucker Poolman.
15:29 of 2nd period - Stopped by Philipp Grubauer with a rebound.
15:41 of 2nd period - Slapshot by Kevin Hayes.
15:41 of 2nd period - Shot Misses the Net.
15:43 of 2nd period - Snap shot by T.J. Oshie.
15:43 of 2nd period - Shot Blocked by Brayden Schenn.
15:55 of 2nd period - Snap shot by Anze Kopitar.
15:55 of 2nd period - Shot Blocked by Rasmus Andersson.
16:05 of 2nd period - Snap shot by Anze Kopitar.
16:05 of 2nd period - Stopped by Philipp Grubauer with a rebound.
16:07 of 2nd period - Wrist shot by Anze Kopitar.
16:07 of 2nd period - Deflect By Kevin Hayes.
16:07 of 2nd period - Shot Misses the Net.
16:07 of 2nd period - Puck is out of play.
16:08 of 2nd period - Nicklas Backstrom wins face-off versus Nazem Kadri in Rangers zone.
16:23 of 2nd period - Carter Verhaeghe is hit by Zach Hyman.
17:10 of 2nd period - Slapshot by Arthur Kaliyev.
17:10 of 2nd period - Shot Misses the Net.
17:57 of 2nd period - Snap shot by Kevin Hayes.
17:57 of 2nd period - Shot Misses the Net.
18:09 of 2nd period - Nick Jensen is hit by Kailer Yamamoto and loses puck.
19:18 of 2nd period - Kevin Hayes is hit by Jordan Kyrou.
19:31 of 2nd period - Snap shot by Eeli Tolvanen.
19:31 of 2nd period - Stopped by Philipp Grubauer with a rebound.
19:33 of 2nd period - Snap shot by Kailer Yamamoto.
19:33 of 2nd period - Stopped by Philipp Grubauer with a rebound.
19:35 of 2nd period - Slapshot by Filip Hronek.
19:35 of 2nd period - Stopped by Philipp Grubauer with a rebound.
19:37 of 2nd period - Wrist shot by Eeli Tolvanen.
19:37 of 2nd period - Shot Blocked by Brenden Dillon.
19:39 of 2nd period - Slapshot by Filip Hronek.
19:39 of 2nd period - Shot Blocked by Arthur Kaliyev.
19:41 of 2nd period - Slapshot by Kailer Yamamoto.
19:41 of 2nd period - Stopped by Philipp Grubauer without a rebound.
19:42 of 2nd period - Nicklas Backstrom wins face-off versus Kyle Connor in Rangers zone.
19:45 of 2nd period - Wrist shot by Zach Hyman.
19:45 of 2nd period - Shot Blocked by Adam Pelech.
Goals for this period are 4 for Rangers vs 1 for Sabres.
Shots for this period are 12 for Rangers vs 12 for Sabres.

3rd period


0:01 of 3rd period - Nazem Kadri wins face-off versus Anze Kopitar in neutral zone.
0:06 of 3rd period - Wrist shot by Jack Roslovic.
0:06 of 3rd period - Stopped by Casey DeSmith with a rebound.
0:36 of 3rd period - Wrist shot by Kyle Connor.
0:36 of 3rd period - Shot Misses the Net.
1:48 of 3rd period - Slapshot by Brayden Schenn.
1:48 of 3rd period - Stopped by Casey DeSmith with a rebound.
1:52 of 3rd period - Snap shot by Roope Hintz.
1:52 of 3rd period - Stopped by Casey DeSmith with a rebound.
1:56 of 3rd period - Snap shot by Brayden Schenn.
1:56 of 3rd period - Stopped by Casey DeSmith without a rebound.
1:57 of 3rd period - Anze Kopitar wins face-off versus Jordan Kyrou in Sabres zone.
2:12 of 3rd period - Wrist shot by Anze Kopitar.
2:12 of 3rd period - Deflect By Kevin Hayes.
2:12 of 3rd period - Shot Misses the Net.
2:12 of 3rd period - Puck is out of play.
2:13 of 3rd period - Nicklas Backstrom wins face-off versus Brayden Schenn in Rangers zone.
2:22 of 3rd period - Slapshot by Andre Burakovsky.
2:22 of 3rd period - Shot Blocked by Rasmus Andersson.
2:34 of 3rd period - Minor Penalty to Rasmus Andersson for Elbowing.
2:35 of 3rd period - Pierre-Edouard Bellemare wins face-off versus Anze Kopitar in Rangers zone.
2:35 of 3rd period - Pierre-Edouard Bellemare is hit by T.J. Oshie.
2:47 of 3rd period - Snap shot by Kevin Hayes.
2:47 of 3rd period - Shot Misses the Net.
2:49 of 3rd period - Snap shot by Anze Kopitar.
2:49 of 3rd period - Shot Blocked by Nick Jensen.
3:11 of 3rd period - Slapshot by Filip Hronek.
3:11 of 3rd period - Deflect By Nick Jensen.
3:11 of 3rd period - Stopped by Philipp Grubauer with a rebound.
4:34 of 3rd period - Penalty to Rasmus Andersson is over, Rasmus Andersson is back on ice.
4:57 of 3rd period - Wrist shot by Kyle Connor.
4:57 of 3rd period - Stopped by Casey DeSmith with a rebound.
5:19 of 3rd period - Wrist shot by Nazem Kadri.
5:19 of 3rd period - Shot Blocked by Madison Bowey.
5:21 of 3rd period - Wrist shot by Jack Roslovic.
5:21 of 3rd period - Stopped by Casey DeSmith with a rebound.
5:44 of 3rd period - Off-side.
5:45 of 3rd period - Nazem Kadri wins face-off versus Anze Kopitar in neutral zone.
6:59 of 3rd period - Snap shot by Pierre-Edouard Bellemare.
6:59 of 3rd period - Shot Blocked by Tucker Poolman.
7:54 of 3rd period - Off-side.
7:55 of 3rd period - Brayden Schenn wins face-off versus Clayton Keller in neutral zone.
8:12 of 3rd period - Snap shot by Brayden Schenn.
8:12 of 3rd period - Shot Blocked by Rasmus Sandin.
8:14 of 3rd period - Wrist shot by Kyle Connor.
8:14 of 3rd period - Goal by Kyle Connor - Rangers : 5 - Sabres : 1.
8:15 of 3rd period - Brayden Schenn wins face-off versus Anze Kopitar in neutral zone.
9:11 of 3rd period - Wrist shot by Jason Spezza.
9:11 of 3rd period - Shot Blocked by Ryan Murray.
9:13 of 3rd period - Snap shot by Oskar Sundqvist.
9:13 of 3rd period - Stopped by Casey DeSmith without a rebound.
9:14 of 3rd period - Anze Kopitar wins face-off versus Brayden Schenn in Sabres zone.
9:23 of 3rd period - Snap shot by Anze Kopitar.
9:23 of 3rd period - Shot Misses the Net.
9:25 of 3rd period - Slapshot by Kevin Hayes.
9:25 of 3rd period - Stopped by Philipp Grubauer with a rebound.
9:27 of 3rd period - Snap shot by Anze Kopitar.
9:27 of 3rd period - Stopped by Philipp Grubauer without a rebound.
9:28 of 3rd period - Nazem Kadri wins face-off versus Anze Kopitar in Rangers zone.
9:28 of 3rd period - Nazem Kadri is hit by Ivan Provorov.
9:38 of 3rd period - Wrist shot by T.J. Oshie.
9:38 of 3rd period - Stopped by Philipp Grubauer with a rebound.
9:40 of 3rd period - Slapshot by Ivan Provorov.
9:40 of 3rd period - Shot Blocked by Adam Pelech.
10:44 of 3rd period - Slapshot by Nick Jensen.
10:44 of 3rd period - Shot Misses the Net.
11:17 of 3rd period - Wrist shot by Roope Hintz.
11:17 of 3rd period - Stopped by Casey DeSmith with a rebound.
11:19 of 3rd period - Snap shot by Roope Hintz.
11:19 of 3rd period - Shot Blocked by Zach Hyman.
11:21 of 3rd period - Snap shot by Kyle Connor.
11:21 of 3rd period - Shot Misses the Net.
11:23 of 3rd period - Snap shot by Kyle Connor.
11:23 of 3rd period - Shot Blocked by Zach Hyman.
11:25 of 3rd period - Wrist shot by Brayden Schenn.
11:25 of 3rd period - Shot Misses the Net.
12:18 of 3rd period - Off-side.
12:19 of 3rd period - Nicklas Backstrom wins face-off versus Nazem Kadri in neutral zone.
13:16 of 3rd period - Snap shot by Jason Spezza.
13:16 of 3rd period - Shot Hit the Post.
14:28 of 3rd period - Icing by Ivan Provorov.
14:29 of 3rd period - Eeli Tolvanen wins face-off versus Jason Spezza in Sabres zone.
14:29 of 3rd period - Ivan Provorov is hit by Oskar Sundqvist.
14:38 of 3rd period - Filip Hronek is hit by Adam Pelech and loses puck.
14:41 of 3rd period - Snap shot by Kailer Yamamoto.
14:41 of 3rd period - Shot Misses the Net.
14:43 of 3rd period - Wrist shot by Ivan Provorov.
14:43 of 3rd period - Shot Misses the Net.
14:45 of 3rd period - Wrist shot by Kailer Yamamoto.
14:45 of 3rd period - Stopped by Philipp Grubauer with a rebound.
14:51 of 3rd period - Minor Penalty to Oskar Sundqvist for Holding.
14:52 of 3rd period - Anze Kopitar wins face-off versus Pierre-Edouard Bellemare in Rangers zone.
14:57 of 3rd period - Snap shot by Anze Kopitar.
14:57 of 3rd period - Shot Misses the Net.
15:07 of 3rd period - Backhand shot by Pierre-Edouard Bellemare.
15:07 of 3rd period - Stopped by Casey DeSmith with a rebound.
15:27 of 3rd period - Snap shot by Kevin Hayes.
15:27 of 3rd period - Shot Blocked by Pierre-Edouard Bellemare.
15:29 of 3rd period - Wrist shot by T.J. Oshie.
15:29 of 3rd period - Stopped by Philipp Grubauer with a rebound.
15:31 of 3rd period - Wrist shot by Anze Kopitar.
15:31 of 3rd period - Stopped by Philipp Grubauer with a rebound.
15:33 of 3rd period - Slapshot by Ryan Murray.
15:33 of 3rd period - Stopped by Philipp Grubauer with a rebound.
15:41 of 3rd period - Wrist shot by Anze Kopitar.
15:41 of 3rd period - Shot Blocked by Nick Jensen.
15:45 of 3rd period - Wrist shot by Anze Kopitar.
15:45 of 3rd period - Shot Blocked by Nick Jensen.
15:47 of 3rd period - Slapshot by Tucker Poolman.
15:47 of 3rd period - Stopped by Philipp Grubauer without a rebound.
15:48 of 3rd period - Brayden Schenn wins face-off versus Nicklas Backstrom in Rangers zone.
15:57 of 3rd period - Slapshot by Ivan Provorov.
15:57 of 3rd period - Stopped by Philipp Grubauer without a rebound.
15:58 of 3rd period - Brayden Schenn wins face-off versus Nicklas Backstrom in Rangers zone.
16:27 of 3rd period - Ivan Provorov is hit by Carl Gunnarsson and loses puck.
16:50 of 3rd period - Carl Gunnarsson is hit by Nicklas Backstrom.
16:51 of 3rd period - Penalty to Oskar Sundqvist is over, Oskar Sundqvist is back on ice.
17:04 of 3rd period - Snap shot by Jack Roslovic.
17:04 of 3rd period - Shot Blocked by Ryan Murray.
17:06 of 3rd period - Slapshot by Jack Roslovic.
17:06 of 3rd period - Rangers goal is going for a video replay.
17:06 of 3rd period - The goal is good.
17:06 of 3rd period - Goal by Jack Roslovic - Rangers : 6 - Sabres : 1.
17:07 of 3rd period - Nazem Kadri wins face-off versus Anze Kopitar in neutral zone.
17:20 of 3rd period - Snap shot by Jack Roslovic.
17:20 of 3rd period - Deflect By Nazem Kadri.
17:20 of 3rd period - Shot Misses the Net.
17:20 of 3rd period - Puck is out of play.
17:21 of 3rd period - Brayden Schenn wins face-off versus Anze Kopitar in Sabres zone.
17:26 of 3rd period - Slapshot by Kyle Connor.
17:26 of 3rd period - Shot Misses the Net.
17:28 of 3rd period - Snap shot by Brayden Schenn.
17:28 of 3rd period - Shot Blocked by Ivan Provorov.
17:30 of 3rd period - Snap shot by Roope Hintz.
17:30 of 3rd period - Deflect By Brayden Schenn.
17:30 of 3rd period - Stopped by Casey DeSmith with a rebound.
17:32 of 3rd period - Slapshot by Adam Pelech.
17:32 of 3rd period - Deflect By Kyle Connor.
17:32 of 3rd period - Shot Misses the Net.
17:32 of 3rd period - Puck is out of play.
17:33 of 3rd period - Brayden Schenn wins face-off versus Anze Kopitar in Sabres zone.
17:38 of 3rd period - Slapshot by Roope Hintz.
17:38 of 3rd period - Stopped by Casey DeSmith with a rebound.
17:53 of 3rd period - Minor Penalty to Nick Leddy for Slashing.
17:54 of 3rd period - Pierre-Edouard Bellemare wins face-off versus Anze Kopitar in Rangers zone.
19:36 of 3rd period - T.J. Oshie is hit by Riley Sheahan and loses puck.
19:53 of 3rd period - Penalty to Nick Leddy is over, Nick Leddy is back on ice.
Goals for this period are 2 for Rangers vs 0 for Sabres.
Shots for this period are 13 for Rangers vs 10 for Sabres.